 Dungeon Crawl Stone Soup version 0.31-a0-232-gb1c03b2570 (webtiles) character file.

Game seed: 9757207027223844847

193 qw the Shooter (level 5, -8/31 HPs)
             Began as a Gargoyle Hexslinger on July 6, 2023.
             Mangled by an ogre
             ... wielding a +0 giant club
              (13 damage)
             ... on level 4 of the Dungeon.
             The game lasted 00:01:11 (2022 turns).

qw the Shooter (Gargoyle Hexslinger)                Turns: 2022, Time: 00:01:12

Health: -8/31      AC: 11    Str: 11    XL:     5   Next: 72%
Magic:  6/6        EV: 10    Int: 14    God:
Gold:   201        SH:  5    Dex: 20    Spells: 5/6 levels left

rFire   . . .        Y - +3 sling
rCold   . . .        (no shield)
rNeg    + . .        n - +2 ring mail {Will+}
rPois   inf          (no helmet)
rElec   +            (no cloak)
rCorr   .            (no gloves)
SInv    .            (no boots)
Will    +....        k - amulet of reflection
Stlth   +            d - +6 ring of dexterity
HPRegen 0.25/turn    (no ring)
MPRegen 0.10/turn

%: reflection
@: about to teleport
A: sickness immunity, AC +4, negative energy resistance 1, electricity
resistance, torment resistance 1, petrification resistance
a: no special abilities


You were on level 4 of the Dungeon.
You visited 1 branch of the dungeon, and saw 4 of its levels.

You collected 201 gold pieces.


Innate Abilities, Weirdness & Mutations

You are immune to sickness and miasma.
Your stone body is resilient. (AC +4)
You are immune to poison.
You resist negative energy. (rN+)
You are resistant to electric shocks. (rElec)
You are resistant to unholy torment.
You are immune to petrification.


   Skills:
 + Level 2.7 Fighting
 - Level 5.0 Ranged Weapons
 - Level 1.2 Armour
 - Level 1.5 Dodging
 - Level 1.0 Spellcasting
 - Level 2.6 Hexes


You had 5 spell levels left.
You knew the following spells:

 Your Spells              Type           Power      Damage    Failure   Level
a - Slow                  Hex            32%        N/A       21%         1

Your spell library contained the following spells:

 Spells                   Type           Power      Damage    Failure   Level
 Inner Flame              Hex/Fire       4%         N/A       71%         3
 Portal Projectile        Hex/Tloc       8%         N/A       71%         3
 Cause Fear               Hex            4%         N/A       90%         4

Inventory:

Hand Weapons
 Y - a +3 sling (weapon)
Armour
 n - a +2 ring mail of willpower (worn)
Jewellery
 d - a +6 ring of dexterity (left hand)
 k - an amulet of reflection (around neck)
Scrolls
 b - a scroll of identify
Potions
 a - a potion of mutation
 h - a potion of heal wounds
 i - a potion of might {unknown}
 p - a potion of haste {unknown}

Dungeon Overview and Level Annotations

Branches:
Dungeon (4/15)
 Temple: D:4-7

Altars:
Qazlal
Sif Muna
Xom

Annotations:
D:3 1 runed translucent door, qw's ghost, weakling MiHs


Message History

You climb downwards.
Found 11 stones.
There is a stone staircase leading up here.
Waypoint 3 assigned to D:4.
Found a stormy altar of Qazlal.
You see here 6 stones.
Found 5 stones.
Found 14 stones.
You see here 5 stones.
A jackal comes into view.
The jackal barks!
The jackal moves out of view.
A jackal comes into view.
You shoot a sling bullet.
The sling bullet closely misses the jackal.
An ogre comes into view. It is wielding a +0 giant club.
You shoot a sling bullet. The sling bullet hits the jackal.
The jackal is severely wounded.
You shoot a sling bullet.
The sling bullet barely misses the jackal.
The sling bullet hits the ogre!
The ogre is moderately wounded.
You shoot a sling bullet.
The sling bullet barely misses the jackal.
The sling bullet hits the ogre.
The ogre is moderately wounded.
The jackal bites you but does no damage. x2
You shoot a sling bullet. The sling bullet hits the jackal.
You kill the jackal!
You shoot a sling bullet. The sling bullet hits the ogre!
The ogre is severely wounded.
You shoot a sling bullet. The sling bullet hits the ogre.
The ogre is almost dead.
The ogre hits you with a +0 giant club!!
Ouch! That really hurt!
2022 ||| READING scroll of teleportation.
As you read the scroll of teleportation, it crumbles to dust.
You feel strangely unstable. The ogre hits you with a +0 giant club!
You die...

######### #.......#####
#######.#~~(~...~.#
........^###...~#..
########¤~##..~#^^(#
.#######..¤.¤^~@~# .#
.......<..~....O^.^~^#
###.###........_...(..#
####~..^^..^.^~.#
#^#¤#(..^##~.#
#~~¤~..~¤¤ ~.#
.¤¤~^..~¤#^ .#
#.^^....^~.. ###


You could see an ogre.

Vanquished Creatures
  An orc priest (D:3)
  5 adders
  5 worms
  3 dart slugs
  10 orcs (D:3)
  4 ball pythons
  9 endoplasms
  4 giant cockroaches
  7 goblins
  4 hobgoblins
  5 jackals
  4 quokkas
  6 bats
  A frilled lizard (D:3)
  11 kobolds
  3 rats (D:2)
82 creatures vanquished.

Notes
Turn   | Place    | Note
-------+----------+-------------------------------------------
     0 | D:1      | qw the Gargoyle Hexslinger began the quest for the Orb.
     0 | D:1      | Reached XP level 1. HP: 12/12 MP: 2/2
     0 | D:1      | 0 ||| qw: Version: 0.3-a-46-gb1f654a
     0 | D:1      | 0 ||| qw: Game counter: 2094
     0 | D:1      | 0 ||| qw: Melee chars always use a shield: true
     0 | D:1      | 0 ||| qw: God list: Okawaru
     0 | D:1      | 0 ||| qw: Allow faded altars: false
     0 | D:1      | 0 ||| qw: Do Orc after clearing Dungeon:15 true
     0 | D:1      | 0 ||| qw: Do second Lair branch before Depths: true
     0 | D:1      | 0 ||| qw: Lair rune preference: random
     0 | D:1      | 0 ||| qw: Goals: Normal
     0 | D:1      | 0 ||| PLANNING D:1-11
   123 | D:1      | HP: 1/12 [quokka (3)]
   180 | D:1      | Reached XP level 2. HP: 16/16 MP: 3/3
   227 | D:1      | Reached skill level 3 in Ranged Weapons
   518 | D:1      | 518 ||| UPGRADING to +0 leather armour.
   528 | D:1      | 528 ||| DROPPING +0 robe.
   529 | D:1      | 529 ||| UPGRADING to amulet of reflection.
   534 | D:1      | 534 ||| UPGRADING to +6 ring of dexterity.
   535 | D:1      | 535 ||| READING scroll labelled DEEGOXZ SIRPHO.
   536 | D:1      | 536 ||| DROPPING scroll of poison.
   564 | D:2      | Reached XP level 3. HP: 21/21 MP: 4/4
   800 | D:2      | Reached XP level 4. HP: 25/26 MP: 5/5
   896 | D:2      | Reached skill level 4 in Ranged Weapons
   993 | D:2      | 993 ||| Stepping ~*~*~tactically~*~*~ (outnumbered).
  1327 | D:2      | 1327 ||| UPGRADING to +0 ring mail.
  1337 | D:2      | 1337 ||| DROPPING +0 leather armour.
  1338 | D:2      | 1338 ||| READING 2 scrolls labelled GOUCUH ACEADO.
  1339 | D:2      | 1339 ||| READING scroll of enchant weapon.
  1339 | D:2      | 1339 ||| ENCHANTING +2 sling.
  1340 | D:2      | 1340 ||| READING 2 scrolls labelled LOACAO PIXECWUME.
  1343 | D:2      | 1343 ||| READING scroll labelled NEPUOD JARUI.
  1456 | D:3      | Noticed qw's ghost (weakling MiHs)
  1469 | D:3      | Reached skill level 1 in Armour
  1475 | D:3      | Found a shimmering blue altar of Sif Muna.
  1478 | D:3      | Reached XP level 5. HP: 30/30 MP: 6/6
  1496 | D:3      | Found a runed translucent door.
  1499 | D:3      | Found a faded altar of an unknown god.
  1540 | D:3      | Reached skill level 5 in Ranged Weapons
  1674 | D:3      | 1674 ||| READING 3 scrolls labelled WUHERUXUKA.
  1685 | D:3      | Found a shimmering altar of Xom.
  1690 | D:3      | Identified the +5 mace of the Muttering Boar {venom, Int+3}
  1782 | D:3      | 1782 ||| Stepping ~*~*~tactically~*~*~ (outnumbered).
  1962 | D:3      | 1962 ||| UPGRADING to +2 ring mail of willpower.
  1972 | D:3      | 1972 ||| DROPPING +0 ring mail.
  1973 | D:3      | 1973 ||| DROPPING amulet of guardian spirit.
  1974 | D:3      | 1974 ||| READING scroll labelled GIM ROT FEUGI.
  1975 | D:3      | 1975 ||| READING scroll labelled BOLUWA GUINUGOK.
  1976 | D:3      | 1976 ||| DRINKING 2 puce potions.
  1977 | D:3      | 1977 ||| DRINKING 2 dark potions.
  1978 | D:3      | 1978 ||| DRINKING 2 murky red potions.
  1979 | D:3      | 1979 ||| DRINKING potion of curing.
  1979 | D:3      | 1979 ||| (to cure confusion)
  1980 | D:3      | 1980 ||| READING 3 scrolls of identify.
  1980 | D:3      | 1980 ||| IDENTIFYING metallic silvery potion
  1981 | D:3      | 1981 ||| READING 2 scrolls of identify.
  1981 | D:3      | 1981 ||| IDENTIFYING clear potion
  1982 | D:3      | 1982 ||| DROPPING potion of magic.
  1983 | D:3      | 1983 ||| DROPPING potion of ambrosia.
  2002 | D:4      | Found a stormy altar of Qazlal.
  2015 | D:4      | Noticed an ogre
  2021 | D:4      | HP: 5/31 [ogre/+0 giant club (26)]
  2022 | D:4      | 2022 ||| READING scroll of teleportation.
  2022 | D:4      | Mangled by an ogre

Levels and vault maps discovered:
D:1:      dpeg_arrival_round_c, layout_rooms, st_stairs_13, minmay_tromino_v4_b
D:2:      minmay_razor_zed, layout_loops_ring
D:3:      layout_rooms, overflow_temple_1_default, tgw_xom,
          dreamdust_ecumenical_altar_statues, hellmonk_ghost_happy_afterlife,
          minmay_misc_feat_iff
D:4:      layout_loops_ring, grunt_qazlal_sundering, zin_academy, serial_shops,
          nicolae_shop_rolling_square, roderic_batcave, uniq_eustachio

Skill      XL: |  1  2  3  4  5 |
---------------+----------------+-----
Ranged Weapons | 3 4 5 |  5.0
Fighting       | 2 |  2.7
Armour         | 1 |  1.2
Dodging        | |  1.5
Spellcasting   | |  1.0
Hexes          | |  2.6

Action                     |  1- 3 |  4- 6 || total
---------------------------+-------+-------++-------
   Fire: Sling             |   106 |   159 ||   265
    Use: Scroll            |     1 |    10 ||    11
         Potion            |       |     4 ||     4
 Armour: Robe              |     9 |       ||     9
         Leather armour    |     6 |    13 ||    19
         Ring mail         |       |    16 ||    16
  Dodge: Dodged            |    26 |    33 ||    59
  Block: Other             |     5 |    21 ||    26

Table legend:
 A = Non-vault XP
 B = Vault XP
 C = Vault XP percentage of total XP
 D = Non-vault monster count
 E = Vault monster count
 F = Vault count percentage of total count
                 A         B        C        D         E       F
            +---------+---------+-------+---------+---------+-------
      Total |     226 |      51 |  18.4 |      64 |      18 |  22.0
            +---------+---------+-------+---------+---------+-------
        D:1 |      22 |       8 |  26.7 |      10 |       4 |  28.6
        D:2 |      70 |      37 |  34.6 |      23 |      12 |  34.3
        D:3 |     132 |       6 |   4.3 |      30 |       2 |   6.2
        D:4 |       2 |       0 |   0.0 |       1 |       0 |   0.0
            +---------+---------+-------+---------+---------+-------
